Map: Ley Lines

Players

KimChiLoVer - Winner!

  • Race: Terran Terran
  • Spawn Location: 7:00

VOD

Have the link to the VOD?

Description

Time

  • Played on: Aug. 15, 2025, 10:20 p.m.
  • Length: 10:21
Show
View Real Time Build Order
Export as new Build Order

KimChiLoVer Terran - Winner!

Build Orders: Reaper Expand 

Get SALT Encoding   

  12  0:02  SCV  
  12  0:14  SCV  
  12  0:18  Supply Depot  
  12  0:26  SCV  
  12  0:39  SCV  
  12  0:40  Barracks  
  12  0:44  Refinery  
  12  0:51  SCV  
  12  1:04  SCV  
  12  1:16  SCV  
  12  1:28  Orbital Command  
  12  1:29  Reaper  
  12  1:39  Command Center  
  12  1:49  Supply Depot  
  12  1:53  SCV  
  12  2:01  Marine  
  12  2:04  Factory  
  12  2:09  Refinery  
  12  2:16  SCV  
  12  2:21  Barracks  
  12  2:24  Barracks Reactor  
  12  2:28  SCV  
  12  2:36  Barracks  
  12  2:41  SCV  
  12  2:49  Factory Tech Lab  
  12  2:53  SCV  
  12  2:55  Orbital Command  
  12  3:07  SCV  
  12  3:19  SCV  
  12  3:24  SCV  
  12  3:28  Command Center  
  12  3:32  SCV  
  12  3:35  Stimpack  
  12  3:40  Starport  
  12  3:42  Factory Reactor  
  12  3:46  Marine x2  
  12  3:48  SCV  
  12  3:50  SCV  
  12  3:59  Engineering Bay  
  12  4:00  SCV  
  12  4:02  Engineering Bay  
  12  4:08  SCV  
  12  4:12  Supply Depot  
  12  4:16  Marine  
  12  4:17  Barracks  
  12  4:20  SCV  
  12  4:21  SCV  
  12  4:30  Factory Tech Lab  
  12  4:31  Medivac  
  12  4:32  SCV  
  12  4:33  SCV  
  12  4:34  Medivac  
  12  4:36  Marine  
  12  4:41  Terran Infantry Weapons Level 1  
  12  4:43  Terran Infantry Armor Level 1  
  12  4:51  Orbital Command  
  12  4:55  Barracks  
  12  4:57  Refinery, SCV  
  12  4:58  SCV  
  12  5:04  Armory  
  12  5:09  SCV  
  12  5:10  SCV  
  12  5:14  Barracks Tech Lab, Barracks Reactor  
  12  5:18  Marine x2  
  12  5:22  SCV  
  12  5:23  Barracks  
  12  5:25  Supply Depot  
  12  5:26  Orbital Command  
  12  5:31  Barracks  
  12  5:34  SCV  
  12  5:38  Viking  
  12  5:39  Medivac  
  12  5:45  Combat Shield  
  12  5:46  Supply Depot  
  12  5:51  Barracks Tech Lab  
  12  5:52  Marine x3  
  12  5:56  Refinery  
  12  5:57  SCV x2  
  12  5:58  SCV  
  12  6:01  Supply Depot  
  12  6:02  Terran Vehicle And Ship Armor Level 1  
  12  6:12  Barracks  
  12  6:13  Barracks Reactor  
  12  6:15  Marine x4  
  12  6:16  Concussive Shells  
  12  6:23  SCV x2  
  12  6:24  SCV  
  12  6:27  Supply Depot  
  12  6:34  Supply Depot  
  12  6:35  SCV  
  12  6:36  SCV  
  12  6:40  Command Center, Terran Infantry Weapons Level 2  
  12  6:45  Terran Infantry Armor Level 2  
  12  6:49  Supply Depot  
  12  6:58  Refinery  
  12  6:59  Refinery  
  12  7:00  SCV x3  
  12  7:06  Starport  
  12  7:10  Barracks Tech Lab  
  12  7:11  Marauder, Barracks Tech Lab  
  12  7:12  Marine x2  
  12  7:15  Supply Depot  
  12  7:26  Marine x3  
  12  7:28  Marauder x2  
  12  7:32  Marauder x2, Marine x3  
  12  7:33  Marine  
  12  7:34  SCV  
  12  7:41  Supply Depot  
  12  7:44  Starport Reactor  
  12  7:46  SCV  
  12  7:50  Marauder x2, Marine x2  
  12  7:52  Medivac x2  
  12  7:54  Marauder, Siege Tank  
  12  7:58  SCV  
  12  8:00  SCV x2  
  12  8:06  Orbital Command  
  12  8:09  Supply Depot  
  12  8:11  Marine  
  12  8:12  Marauder x2, Marine x4  
  12  8:15  Marauder, SCV x2  
  12  8:16  SCV  
  12  8:26  Siege Tank  
  12  8:27  SCV  
  12  8:28  Supply Depot, SCV  
  12  8:29  Medivac  
  12  8:31  Viking  
  12  8:44  Supply Depot  
  12  8:47  SCV  
  12  8:48  SCV x2  
  12  8:50  Marauder x4, Marine x5  
  12  8:52  Orbital Command  
  12  8:58  Siege Tank  
  12  8:59  Supply Depot, SCV  
  12  9:02  Marauder, Marine  
  12  9:08  Marine x3  
  12  9:14  Marine x3  
  12  9:15  Marine x3  
  12  9:18  Supply Depot  
  12  9:21  SCV x2  
  12  9:33  Command Center  
  12  9:39  Supply Depot  
  12  9:41  Marauder x2, Marine  
  12  9:42  Marauder x2, Marine x4  
  12  9:43  Medivac  
  12  9:51  Supply Depot  
  12  9:53  Marine  
  12  10:00  Marine x3  
Tags
 
Add a new tag
Caveats
  • Supply blocks, unpowered buildings, or Contaminate may cause inaccurate times.
  • Supply counts are checked every 10 seconds.